 Dungeon Crawl Stone Soup version 0.27-a0-1322-gfdffb62a71 (webtiles) character file.

Game seed: 5588059100663737281

4162 senseless the Ogre Mage (level 10, -13/87 HPs)
             Began as an Ogre Conjurer on June 22, 2021.
             Was a Follower of Makhleb.
             Mangled by an orc warrior (21 damage)
             ... on level 9 of the Dungeon.
             The game lasted 00:38:04 (9769 turns).

senseless the Ogre Mage (Ogre Conjurer)             Turns: 9769, Time: 00:38:05

Health: -13/87     AC:  6    Str: 13    XL:     10   Next: 28%
Magic:  19/31      EV: 10    Int: 28    God:    Makhleb [*.....]
Gold:   110        SH:  0    Dex:  7    Spells: 23/26 levels left

rFire    . . .     SeeInvis .   b - staff of conjuration
rCold    . . .     Faith    .   (no shield)
rNeg     + . .     Spirit   .   i - +1 robe of Slovenliness {rN+ Int+6}
rPois    .         Reflect  .   h - +1 hat
rElec    .         Harm     .   k - +0 cloak {Will+}
rCorr    .         Rampage  .   (gloves unavailable)
Will     ++...                  (boots unavailable)
Stlth    ++........             (no amulet)
HPRegen  0.24/turn              d - ring of magical power
MPRegen  0.22/turn              g - ring of wizardry

@: studying 2 skills
A: large, unfitting armour, tough skin 1
a: Renounce Religion


You were on level 9 of the Dungeon.
You worshipped Makhleb.
Makhleb was aware of your devotion.
You visited 2 branches of the dungeon, and saw 10 of its levels.
You also visited: Sewer and Bailey.

You collected 602 gold pieces.
You spent 492 gold pieces at shops.

Inventory:

Hand Weapons
 a - a +3 scythe of protection
 x - a +0 hunting sling
Missiles
 p - 42 sling bullets
Armour
 h - a +1 hat (worn)
 i - the +1 robe of Slovenliness (worn) {rN+ Int+6}
   (You bought it in a shop on level 8 of the Dungeon)

   It affects your intelligence (+6).
   It protects you from negative energy.
 k - a +0 cloak of willpower (worn)
 t - a +0 troll leather armour {Purgy}
Magical Staves
 b - a staff of conjuration (weapon)
Jewellery
 d - a ring of magical power (left hand)
 g - a ring of wizardry (right hand)
 m - a ring of resist corrosion
Wands
 o - a wand of flame (8)
 r - a wand of mindburst (14)
 v - a wand of iceblast (18)
 y - a wand of paralysis (7)
Scrolls
 e - 3 scrolls of identify
 l - a scroll of teleportation
 q - a scroll of holy word
 u - a scroll of enchant weapon
 w - a scroll of fear
Potions
 c - a potion of flight
 f - 3 potions of haste
 j - 7 potions of curing
 n - a potion of ambrosia
 s - 2 potions of might
 z - a potion of attraction
 C - 2 potions of heal wounds


   Skills:
 - Level 1.7 Fighting
 - Level 1.8 Maces & Flails
 + Level 4.6 Dodging
 + Level 4.2 Stealth
 - Level 0.2 Unarmed Combat
 * Level 8.9 Spellcasting
 * Level 8.1 Conjurations
 * Level 5.2 Transmutations


You had 23 spell levels left.
You knew the following spells:

 Your Spells              Type           Power      Damage    Failure   Level
a - Magic Dart            Conj           100%       1d8       1%          1
b - Searing Ray           Conj           100%       3d7       1%          2

Your spell library contained the following spells:

 Spells                   Type           Power      Damage    Failure   Level
 Conjure Flame            Conj/Fire      52%        6-21      1%          3
 Dazzling Flash           Conj/Hex       100%       N/A       1%          3
 Mephitic Cloud           Conj/Pois/Air  41%        N/A       1%          3
 Iskenderun's Battlesphe  Conj           72%        2d12      1%          5
 Poisonous Vapours        Pois/Air       24%        N/A       2%          2
 Fulminant Prism          Conj/Hex       26%        3d14      3%          4
 Iskenderun's Mystic Bla  Conj/Tloc      52%        2d11      3%          4
 Irradiate                Conj/Tmut      33%        3d24      3%          5
 Blade Hands              Tmut           20%        N/A       6%          5
 Bolt of Magma            Conj/Fire/Erth 20%        4d10      16%         5
 Freezing Cloud           Conj/Ice/Air   20%        6-21      16%         5
 Iron Shot                Conj/Erth      26%        9d6       45%         6
 Orb of Destruction       Conj           36%        9d13      45%         7
 Statue Form              Tmut/Erth      18%        N/A       65%         6
 Dragon Form              Tmut           20%        N/A       85%         7
 Spellforged Servitor     Conj/Summ      26%        N/A       94%         7
 Storm Form               Tmut/Air       13%        N/A       99%         7


Dungeon Overview and Level Annotations

Branches:
Dungeon (9/15)             Temple (1/1) D:5           Sewer (visited)
 Bailey (visited)
   Lair: D:8-11         Orc: D:9-12

Altars:
Ashenzari
Cheibriados
Dithmenos
Elyvilon
Fedhas
Gozag
Hepliaklqana
Kikubaaqudgha
Makhleb
Nemelex Xobeh
Qazlal
Ru
Sif Muna
Uskayaw
Vehumet
Wu Jian
Xom
Zin
The Shining One

Shops:
D:6 :[((   D:7 *   D:8 [!

Annotations:
D:5 1 runed translucent door, emiel's ghost, novice DsAK


Innate Abilities, Weirdness & Mutations

You are too large for most types of armour.
You have tough skin. (AC +1)


Message History

Casting: Searing Ray (safe; 1% risk of failure)
Confirm with . or Enter, or press ? or * to list all spells.
Aiming: Searing Ray (safe; 1% risk of failure)
Press: ? - help, Shift-Dir - straight line, f - wyvern zombie
Aim: a wyvern zombie (moderately damaged, 94% to hit)
You feel a surge of power!
The searing ray hits the wyvern zombie!
The wyvern zombie is heavily damaged.
The searing ray hits the orc!
You kill the orc!
Makhleb accepts your kill. (Press . to maintain the ray.)
The orc warrior hits you with a +0 battleaxe.
The wyvern zombie bites you!
* * * LOW HITPOINT WARNING * * *
Okay, then.
The searing ray hits the wyvern zombie!
The wyvern zombie is almost destroyed.
The wyvern zombie misses you.
The orc warrior hits you with a +0 battleaxe!
* * * LOW HITPOINT WARNING * * *
You feel much better. The wyvern zombie bites you.
The orc warrior hits you with a +0 battleaxe!
* * * LOW HITPOINT WARNING * * *
Casting: Searing Ray (safe; 1% risk of failure)
Confirm with . or Enter, or press ? or * to list all spells.
Aiming: Searing Ray (safe; 1% risk of failure)
Press: ? - help, Shift-Dir - straight line, f - orc warrior, p - wyvern zombie
Aim: an orc warrior, wielding a +0 battleaxe and wearing a +0 chain mail (heavily wounded, 81% to hit)
You feel a surge of power!
The searing ray hits the orc warrior!
The orc warrior is almost dead. (Press . to maintain the ray.)
The wyvern zombie barely misses you.
The orc warrior hits you with a +0 battleaxe!
* * * LOW HITPOINT WARNING * * *
The wyvern zombie barely misses you.
The searing ray hits the orc warrior.
The orc warrior is almost dead.
The wyvern zombie barely misses you.
The orc warrior hits you with a +0 battleaxe!!
You die...

#####.<######
###......<....#
#.'...........# ##
#.#...........# ...
#.#...........# ....
##.#...........# .....
#..#...........#
....))#o##...........#
....))Z@##...........#
......###########+###
####. .. .. .. .


You could see an orc warrior and a wyvern zombie.

Vanquished Creatures
  A two-headed ogre (D:6)
  Sigmund (D:6)
  2 steam dragons
  2 water moccasins
  Duvessa (D:7)
  Purgy (Sewer)
  A sky beast (D:8)
  2 ice beasts
  An ogre (D:4)
  2 orc warriors
  2 necrophages
  A centaur (D:7)
  2 phantoms (D:6)
  A bullfrog (D:8)
  A kobold brigand (D:7)
  2 scorpions
  2 wyvern zombies
  Dowan (D:7)
  6 killer bees (D:7)
  2 jellies
  2 howler monkeys
  A centaur zombie (D:8)
  A bullfrog skeleton (D:6)
  5 hounds
  A centaur skeleton (D:6)
  5 iguanas
  5 orc wizards
  A scorpion zombie (D:4)
  Natasha (thrice) (D:2)
  A hound skeleton (D:4)
  Robin (D:2)
  A howler monkey zombie (D:6)
  11 adders
  2 river rats (D:5)
  2 shadow imps
  4 white imps
  An ufetubus (D:6)
  An adder skeleton (D:4)
  2 worms (D:2)
  A dart slug (D:4)
  21 orcs
  13 bats
  8 endoplasms
  4 giant cockroaches
  24 goblins
  13 hobgoblins
  14 jackals
  5 quokkas
  5 ball pythons
  A frilled lizard (D:3)
  7 kobolds
  6 rats
206 creatures vanquished.

Notes
Turn   | Place    | Note
-------+----------+-------------------------------------------
     0 | D:1      | senseless the Ogre Conjurer began the quest for the Orb.
     0 | D:1      | Reached XP level 1. HP: 16/16 MP: 3/3
   117 | D:1      | Reached XP level 2. HP: 24/24 MP: 1/5
   615 | D:1      | Reached XP level 3. HP: 31/31 MP: 4/7
   618 | D:1      | Learned a level 2 spell: Searing Ray
  1338 | D:2      | Found a faded altar of an unknown god.
  1367 | D:2      | Noticed Robin
  1554 | D:2      | Noticed Natasha
  1557 | D:2      | Killed Natasha
  1558 | D:2      | Reached XP level 4. HP: 39/39 MP: 8/8
  1721 | D:2      | Killed Robin
  2203 | D:2      | Reached XP level 5. HP: 39/45 MP: 10/10
  2709 | D:2      | Noticed Natasha
  2714 | D:2      | Killed Natasha
  3311 | D:2      | Noticed Natasha
  3314 | D:2      | Killed Natasha
  3394 | D:3      | Reached skill level 1 in Maces & Flails
  3550 | D:3      | Reached skill level 5 in Conjurations
  3925 | D:3      | Reached XP level 6. HP: 54/54 MP: 12/12
  4579 | D:4      | Found a shimmering altar of Xom.
  4595 | D:4      | Reached skill level 5 in Spellcasting
  4731 | D:4      | Reached XP level 7. HP: 61/61 MP: 14/14
  4841 | D:4      | Found a sacrificial altar of Ru.
  4869 | D:4      | Reached skill level 1 in Fighting
  5090 | D:4      | Found a broken altar of Ashenzari.
  5328 | D:5      | Entered Level 5 of the Dungeon
  5467 | D:5      | Found a staircase to the Ecumenical Temple.
  5753 | D:5      | Found a shadowy altar of Dithmenos.
  5967 | D:5      | Found a runed translucent door.
  5967 | D:5      | Noticed emiel's ghost (novice DsAK)
  6107 | D:5      | Found a glowing drain.
  6116 | Sewer    | Entered a sewer
  6182 | Sewer    | Noticed Purgy
  6190 | Sewer    | Killed Purgy
  6191 | Sewer    | Reached XP level 8. HP: 71/71 MP: 17/17
  6643 | D:6      | Noticed Sigmund
  6651 | D:6      | Killed Sigmund
  6652 | D:6      | Reached skill level 1 in Transmutations
  6773 | D:6      | Found Qeobya Vuits's Armour Emporium.
  6781 | D:6      | Found Keihilat's Book Boutique.
  6937 | D:6      | Found Veagoeda's Antique Weapon Boutique.
  6989 | D:6      | Noticed a two-headed ogre
  7022 | D:6      | Killed a two-headed ogre
  7022 | D:6      | HP: 3/71 [orc (3)]
  7023 | D:6      | Reached XP level 9. HP: 3/79 MP: 13/20
  7237 | D:6      | Found Hemoo's Antique Weapon Shop.
  7377 | D:7      | Noticed Duvessa
  7377 | D:7      | Noticed Dowan
  7381 | D:7      | Killed Dowan
  7383 | D:7      | Killed Duvessa
  7995 | D:7      | Reached XP level 10. HP: 87/87 MP: 22/22
  8254 | D:7      | Found Aouplas's Alliterative Accessories.
  8521 | Temple   | Entered the Ecumenical Temple
  8528 | Temple   | Became a worshipper of Makhleb the Destroyer
  8742 | D:8      | Identified the +0 ring mail of Immorality {Int-5 Dex+4
                  | Slay+4 SInv}
  8747 | D:8      | Found Kess's Distillery.
  8810 | D:8      | Reached skill level 5 in Transmutations
  8845 | D:8      | Found a flagged portal.
  8908 | Bailey   | Entered a bailey
  9091 | D:8      | Found Kuul's Armour Boutique.
  9098 | D:8      | Bought the +1 robe of Slovenliness {rN+ Int+6} for 354 gold
                  | pieces
  9108 | D:8      | Bought a +0 cloak of willpower for 138 gold pieces
  9161 | D:8      | Reached * piety under Makhleb
  9769 | D:9      | Mangled by an orc warrior

Illustrated notes

Levels and vault maps discovered:
D:1:      minmay_arrival_nine_rooms, layout_basic, hangedman_decor_peaks_small,
          minmay_misc_feat_square
D:2:      minmay_razor_zed, layout_loops_ring, basic_ecumenical_altar,
          uniq_natasha, uniq_robin
D:3:      layout_loops_ring
D:4:      layout_gridville, overflow_temple_1_default,
          nicolae_overflow_hidden_temple, general_overflow_altar,
          minmay_manual_monstrance
D:5:      layout_loops_ring, nicolae_dithmenos_the_darkroom,
          minmay_temple_entry_tees, hellmonk_ghost_happy_afterlife,
          gup_sewer_entry_bowl, roderic_three_in_a_row
D:6:      layout_gridville, serial_shops, nicolae_shop_overgrown_old_shop, shop,
          nicolae_shop_crystal, nicolae_shop_statue_plus, uniq_sigmund
D:7:      layout_gridville, nicolae_alphabet_shops, uniq_duvessa
D:8:      layout_basic, enter_bailey_5, serial_shops, nicolae_stop_n_shop_2,
          shop_coins, minmay_manual_moon
D:9:      layout_roguey, lemuel_doored_altar, okawaru_ov_weapons_minmay,
          lemuel_crystal_altar, uniq_maggie, uniq_maurice
Temple:   nicolae_temple_no_exploring_needed

Skill      XL: |  1  2  3  4  5  6  7  8  9 10 |
---------------+-------------------------------+-----
Conjurations   | 4 5 6 7 8 |  8.1
Dodging        | 2 3 4 |  4.6
Spellcasting   | 3 4 5 6 7 8 |  8.9
Maces & Flails | 1 |  1.8
Stealth        | 2 3 4 |  4.2
Fighting       | 1 |  1.7
Transmutations | 3 4 5 |  5.2
Unarmed Combat | |  0.2

Action                   |  1- 3 |  4- 6 |  7- 9 | 10-12 || total
-------------------------+-------+-------+-------+-------++-------
Melee: Unarmed           |    13 |       |       |       ||    13
       Mace              |    27 |    13 |     8 |       ||    48
       Staff             |       |       |     2 |       ||     2
 Cast: Magic Dart        |    59 |   131 |   152 |    72 ||   414
       Searing Ray       |     1 |     6 |    32 |    17 ||    56
  Use: Scroll            |       |       |    14 |     2 ||    16
       Potion            |       |       |       |     1 ||     1
Armor: Robe              |    24 |       |       |     7 ||    31
       Animal skin       |       |     9 |     5 |       ||    14
       Troll leather arm |       |       |    17 |     3 ||    20
Dodge: Dodged            |    29 |    15 |    32 |    22 ||    98

Table legend: (Time is in decaauts)
 A = Elapsed time spent in this place.
 B = Non-inter-level travel time spent in this place.
 C = Inter-level travel time spent in this place.
 D = Time resting spent in this place.
 E = Time spent auto-exploring this place.
 F = Levels seen in this place.
 G = Mean time per level.
                   A        B        C        D        E       F      G
               +--------+--------+--------+--------+--------+-----+--------+
         Total |   9803 |   8954 |    849 |    490 |   7264 |  12 |  816.9 |
       Dungeon |   9614 |   8771 |    843 |    490 |   7135 |   9 | 1068.2 |
        Temple |     14 |      8 |      6 |      0 |      0 |   1 |   14.0 |
         Sewer |    165 |    165 |      0 |      0 |    129 |   1 |  165.0 |
        Bailey |      8 |      8 |      0 |      0 |      0 |   1 |    8.0 |
               +--------+--------+--------+--------+--------+-----+--------+

Top non-repeatable levels by time:
     D:2: 1977 daAuts
     D:1: 1355 daAuts
     D:5: 1236 daAuts
     D:4: 1138 daAuts
     D:8: 1127 daAuts
     D:7: 1123 daAuts
     D:3: 882 daAuts
     D:6: 737 daAuts
   Sewer: 165 daAuts
     D:9: 36 daAuts
  Temple: 14 daAuts
  Bailey: 8 daAuts
